 Dungeon Crawl Stone Soup version 0.32-a0-913-g739538afd8 (webtiles) character file.

Game seed: 13995875802790347387

13 horus123 the Trooper (level 2, 0/26 HPs)
             Began as a Mountain Dwarf Warper on Apr 9, 2024.
             Slain by a frilled lizard (1 damage)
             ... on level 1 of the Dungeon.
             The game lasted 00:00:52 (476 turns).

horus123 the Trooper (Mountain Dwarf Warper)         Turns: 476, Time: 00:00:52

Health: 0/26       AC:  3    Str: 13    XL:     2   Next: 24%
Magic:  4/4        EV: 10    Int: 13    God:
Gold:   20         SH:  0    Dex:  9    Spells: 4/4 levels left

rFire   . . .        j - +0 battleaxe
rCold   . . .        (shield currently unavailable)
rNeg    . . .        b - +0 leather armour
rPois   +            (no helmet)
rElec   .            (no cloak)
rCorr   .            (no gloves)
SInv    .            (no boots)
Will    .....        (no amulet)
Stlth   +            i - ring of poison resistance
HPRegen 0.24/turn    (no ring)
MPRegen 0.09/turn

%: no passive effects
@: no status effects
A: runic magic, artefact enchanting
a: no special abilities


You were on level 1 of the Dungeon.
You visited 1 branch of the dungeon, and saw 1 of its levels.

You collected 20 gold pieces.

Inventory:

Hand Weapons
 a - a +0 mace
 j - a +0 battleaxe (weapon)
Missiles
 d - 7 darts of dispersal (quivered)
Armour
 b - a +0 leather armour (worn)
Jewellery
 i - a ring of poison resistance (left hand)
Scrolls
 c - a scroll of blinking
 f - 2 scrolls of identify {unknown}
 g - a scroll of amnesia {unknown}
 k - a scroll of vulnerability {unknown}
Potions
 e - a potion of ambrosia {unknown}
 h - a potion of curing {unknown}


   Skills:
 + Level 3.3 Fighting
 - Level 2.4 Maces & Flails
 - Level 0.7 Throwing
 - Level 1.1 Armour
 - Level 1.3 Dodging
 - Level 1.7 Spellcasting
 - Level 2.4 Translocations


You had 4 spell levels left.
You didn't know any spells.
Your spell library contained the following spells:

 Spells                   Type           Power      Damage    Failure   Level
 Blink                    Tloc           14%        N/A       16%         2
 Lesser Beckoning         Tloc           14%        N/A       16%         2
 Maxwell's Portable Pile  Tloc           7%         2d(5-15)  30%         3
 Teleport Other           Tloc           7%         N/A       30%         3
 Vhi's Electric Charge    Tloc/Air       8%         N/A       86%         4


Dungeon Overview and Level Annotations

Branches:
Dungeon (1/15)

Altars:


Innate Abilities, Weirdness & Mutations

Your spellcasting is much less encumbered by armour.
You can use scrolls of enchantment on lesser artefacts.


Message History

The hobgoblin misses you. The frilled lizard closely misses you.
The frilled lizard bites you. The hobgoblin barely misses you.
The frilled lizard barely misses you.
You closely miss the hobgoblin. You barely miss the frilled lizard.
You miss the frilled lizard.
The frilled lizard bites you but does no damage.
The hobgoblin closely misses you. The frilled lizard barely misses you.
The frilled lizard misses you.
The frilled lizard completely misses you.
The hobgoblin closely misses you.
You hit the hobgoblin but do no damage. You barely miss the frilled lizard.
You miss the frilled lizard. The frilled lizard barely misses you.
The hobgoblin hits you.
The frilled lizard bites you but does no damage.
Unknown command.
You slash the hobgoblin!
You kill the hobgoblin!
You barely miss the frilled lizard. You miss the frilled lizard.
The frilled lizard barely misses you. x2; The frilled lizard bites you.
* * * LOW HITPOINT WARNING * * *
The frilled lizard barely misses you.
Unknown command.
You barely miss the frilled lizard.
The frilled lizard is heavily wounded.
You miss the frilled lizard.
The frilled lizard barely misses you. x2
The frilled lizard bites you but does no damage.
The frilled lizard bites you.
* * * LOW HITPOINT WARNING * * *
You closely miss the frilled lizard.
The frilled lizard is heavily wounded.
You miss the frilled lizard.
The frilled lizard bites you but does no damage.
The frilled lizard bites you.
* * * LOW HITPOINT WARNING * * *
You barely miss the frilled lizard.
The frilled lizard is heavily wounded.
You barely miss the frilled lizard. The frilled lizard bites you.
* * * LOW HITPOINT WARNING * * *
The frilled lizard bites you.
You die...

#.###........#
#####.. .
..###.............
##.#$#...########.. #
##... .. #.. #. #...#
.# #.. #..#>..###..#
########
.##..#.......
........ #.....l†l.#
####... #..#.@####.##
#.... ##..#........#
##.<. ........###.##
#.... ##..........#
##... ##.##..#####
..... ####
#.##..###### ########
....
#..........###......#
####
#####.###.#.#.#.#####
####.#†##.##.##.#####


You could see 2 frilled lizards.

Vanquished Creatures
  A dart slug (D:1)
  2 endoplasms (D:1)
  A giant cockroach (D:1)
  A hobgoblin (D:1)
  A kobold (D:1)
  2 bats (D:1)
  A frilled lizard (D:1)
  2 rats (D:1)
11 creatures vanquished.

Notes
Turn   | Place    | Note
-------+----------+-------------------------------------------
     0 | D:1      | horus123 the Mountain Dwarf Warper began the quest for the
                  | Orb.
     0 | D:1      | Reached XP level 1. HP: 17/17 MP: 3/3
   188 | D:1      | Reached skill level 3 in Fighting
   372 | D:1      | Reached XP level 2. HP: 26/26 MP: 4/4
   476 | D:1      | HP: 1/26 [frilled lizard (2)]
   476 | D:1      | Slain by a frilled lizard

Illustrated notes

Levels and vault maps discovered:
D:1:      psy_arrival_basics, layout_loops_ring,
          shapermc_ecumenical_altar_starsandcircs, minmay_pentomino_u2

Skill      XL: |  1 |
---------------+----+-----
Fighting       | 3 |  3.3
Maces & Flails | |  2.4
Throwing       | |  0.7
Armour         | |  1.1
Dodging        | |  1.3
Spellcasting   | |  1.7
Translocations | |  2.4

Action                     || total
---------------------------++-------
  Melee: Mace              ||    21
         Battleaxe         ||    24
 Armour: Leather armour    ||    53
  Dodge: Dodged            ||    49

Table legend: (Time is in decaauts)
 A = Elapsed time spent in this place.
 B = Non-inter-level travel time spent in this place.
 C = Inter-level travel time spent in this place.
 D = Time resting spent in this place.
 E = Time spent auto-exploring this place.
 F = Levels seen in this place.
 G = Mean time per level.
                   A        B        C        D        E       F      G
               +--------+--------+--------+--------+--------+-----+--------+
         Total |    495 |    495 |      0 |    151 |    226 |   1 |  495.0 |
       Dungeon |    495 |    495 |      0 |    151 |    226 |   1 |  495.0 |
               +--------+--------+--------+--------+--------+-----+--------+

Top non-repeatable levels by time:
     D:1: 495 daAuts
